TOP OF THE 1ST |
Houston Colt .45's batting - Pitching for Joplin Blasters : RHP Brian Owens
|
Pitching: RHP Brian Owens
|
|
Batting: RHB Bill Borden
|
0-0: Ball 1-0: Ball 2-0: Ground out 6-3 (Groundball, 6S, EV 75.0 MPH)
|
Batting: LHB Bert Middleton
|
0-0: Called Strike 0-1: Ball 1-1: Foul Ball, location: 2F 1-2: Foul Ball, location: 2F 1-2: Foul Ball, location: 2F 1-2: Strikes out swinging
|
Batting: RHB Josh Reisner
|
0-0: Foul Ball, location: 2F 0-1: Ball 1-1: Called Strike 1-2: Ball 2-2: Ball 3-2: SINGLE (Groundball, 4M, EV 103.1 MPH)
|
Batting: LHB Vecdi Hodensack
|
0-0: Swinging Strike 0-1: Foul Ball, location: 2F 0-2: Ball 1-2: Ball 2-2: Strikes out swinging
|
Top of the 1st over - 0 runs, 1 hit, 0 errors, 1 left on base; Houston 0 - Joplin 0 |
BOTTOM OF THE 1ST |
Joplin Blasters batting - Pitching for Houston Colt .45's : RHP David Sanchez
|
Pitching: RHP David Sanchez
|
|
Batting: RHB John Normand
|
0-0: Called Strike 0-1: Ball 1-1: Swinging Strike 1-2: Foul Ball, location: 2F 1-2: Ball 2-2: Strikes out swinging
|
Batting: RHB Mike McClung
|
0-0: SOLO HOME RUN (Flyball, 9LD, EV 93.8 MPH), Distance : 351 ft
|
Batting: SHB Gary Woodroffe
|
0-0: Swinging Strike 0-1: Ball 1-1: Ball 2-1: Foul Ball, location: 2F 2-2: Strikes out looking
|
Batting: RHB Cody Marshall
|
0-0: Fly out, F8 (Flyball, 8RXD, EV 108.8 MPH)
|
Bottom of the 1st over - 1 run, 1 hit, 0 errors, 0 left on base; Houston 0 - Joplin 1 |
TOP OF THE 2ND |
Houston Colt .45's batting - Pitching for Joplin Blasters : RHP Brian Owens
|
Batting: RHB Tim Williams
|
0-0: Ball 1-0: Called Strike 1-1: Ball 2-1: Ball 3-1: Foul Ball, location: 2F 3-2: Fly out, F8 (Flyball, 8RD, EV 98.1 MPH)
|
Batting: LHB Ryan Fridley
|
0-0: Swinging Strike 0-1: Ball 1-1: Foul Ball, location: 2F 1-2: Ground out 1-3 (Groundball, 34S, EV 65.6 MPH)
|
Batting: RHB Jamie Walker
|
0-0: Ball 1-0: Ball 2-0: Called Strike 2-1: SINGLE (Flyball, 56D, EV 90.6 MPH)
|
Batting: LHB Casper Significant
|
0-0: Swinging Strike 0-1: Ball 1-1: Called Strike 1-2: Strikes out swinging
|
Top of the 2nd over - 0 runs, 1 hit, 0 errors, 1 left on base; Houston 0 - Joplin 1 |
BOTTOM OF THE 2ND |
Joplin Blasters batting - Pitching for Houston Colt .45's : RHP David Sanchez
|
Batting: LHB Josh Lane
|
0-0: Ball 1-0: Ball 2-0: Called Strike 2-1: Swinging Strike 2-2: Foul Ball, location: 2F 2-2: Strikes out swinging
|
Batting: RHB Esteban Acuna
|
0-0: Called Strike 0-1: SINGLE (Groundball, 56D, EV 108.1 MPH)
|
Batting: LHB Willie Marquez
|
0-0: Called Strike 0-1: Foul Ball, location: 2F 0-2: Ball 1-2: Ball 2-2: Ball 3-2: SINGLE (Line Drive, 9S, EV 102.5 MPH) Esteban Acuna to second
|
Batting: RHB Bobby Leon
|
0-0: SINGLE (Line Drive, 4D, EV 106.9 MPH) Esteban Acuna to third Willie Marquez to second Runner from 3rd tries for Home, SAFE, throw by CF to home
|
Batting: RHB Danny Jefferies
|
0-0: Ball 1-0: Ball 2-0: Called Strike 2-1: Swinging Strike 2-2: Ball 3-2: Foul Ball, location: 2F 3-2: Foul Ball, location: 2F 3-2: Base on Balls Willie Marquez to third Bobby Leon to second
|
Batting: RHB John Normand
|
0-0: Called Strike 0-1: Grounds into double play, 5-4-3 (Groundball, 56, EV 106.9 MPH)
|
Bottom of the 2nd over - 1 run, 3 hits, 0 errors, 2 left on base; Houston 0 - Joplin 2 |
TOP OF THE 3RD |
Houston Colt .45's batting - Pitching for Joplin Blasters : RHP Brian Owens
|
Batting: RHB Kenny Beall
|
0-0: Fly out, F8 (Flyball, 8LD, EV 90.6 MPH)
|
Batting: RHB Bill Borden
|
0-0: SINGLE (Line Drive, 7S, EV 90.0 MPH)
|
Batting: LHB Bert Middleton
|
0-0: Foul Ball, location: 2F 0-1: Called Strike 0-2: Ball 1-2: Fielders Choice at 2nd, 3-6 (Groundball, 34, EV 80.0 MPH)
|
Batting: RHB Josh Reisner
|
0-0: Ball 1-0: Ball 2-0: Called Strike 2-1: Fly out, F8 (Flyball, 78M, EV 93.8 MPH)
|
Top of the 3rd over - 0 runs, 1 hit, 0 errors, 1 left on base; Houston 0 - Joplin 2 |
BOTTOM OF THE 3RD |
Joplin Blasters batting - Pitching for Houston Colt .45's : RHP David Sanchez
|
Batting: RHB Mike McClung
|
0-0: Ball 1-0: Called Strike 1-1: Ball 2-1: Ground out 4-3 (Groundball, 4, EV 97.5 MPH)
|
Batting: SHB Gary Woodroffe
|
0-0: Ball 1-0: Called Strike 1-1: Foul Ball, location: 2F 1-2: Ball 2-2: Fly out, F3 (Line Drive, 34, EV 60.6 MPH)
|
Batting: RHB Cody Marshall
|
0-0: Swinging Strike 0-1: Swinging Strike 0-2: Strikes out swinging
|
Bottom of the 3rd over - 0 runs, 0 hits, 0 errors, 0 left on base; Houston 0 - Joplin 2 |
TOP OF THE 4TH |
Houston Colt .45's batting - Pitching for Joplin Blasters : RHP Brian Owens
|
Batting: LHB Vecdi Hodensack
|
0-0: Ball 1-0: Ball 2-0: Ball 3-0: Called Strike 3-1: Ground out 6-3 (Groundball, 6, EV 83.8 MPH)
|
Batting: RHB Tim Williams
|
0-0: Called Strike 0-1: Ball 1-1: Foul Ball, location: 2F 1-2: Ball 2-2: Ball 3-2: Foul Ball, location: 2F 3-2: Foul Ball, location: 2F 3-2: Base on Balls
|
Batting: LHB Ryan Fridley
|
0-0: Called Strike 0-1: Ball 1-1: Ball 2-1: Ball 3-1: Base on Balls Tim Williams to second
|
Batting: RHB Jamie Walker
|
0-0: Grounds into double play, 4-6-3 (Groundball, 4, EV 80.6 MPH)
|
Top of the 4th over - 0 runs, 0 hits, 0 errors, 1 left on base; Houston 0 - Joplin 2 |
BOTTOM OF THE 4TH |
Joplin Blasters batting - Pitching for Houston Colt .45's : RHP David Sanchez
|
Batting: LHB Josh Lane
|
0-0: Ball 1-0: Called Strike 1-1: Swinging Strike 1-2: Strikes out swinging
|
Batting: RHB Esteban Acuna
|
0-0: Called Strike 0-1: Ground out 3-1 (Groundball, 34, EV 81.2 MPH)
|
Batting: LHB Willie Marquez
|
0-0: Called Strike 0-1: Foul Ball, location: 2F 0-2: Strikes out looking
|
Bottom of the 4th over - 0 runs, 0 hits, 0 errors, 0 left on base; Houston 0 - Joplin 2 |
TOP OF THE 5TH |
Houston Colt .45's batting - Pitching for Joplin Blasters : RHP Brian Owens
|
Batting: LHB Casper Significant
|
0-0: Called Strike 0-1: Foul Ball, location: 2F 0-2: Ball 1-2: Foul Ball, location: 2F 1-2: Foul Ball, location: 2F 1-2: Foul Ball, location: 2F 1-2: Strikes out looking
|
Batting: RHB Kenny Beall
|
0-0: Ball 1-0: Ball 2-0: Foul Ball, location: 2F 2-1: Foul Ball, location: 2F 2-2: Foul Ball, location: 2F 2-2: Hit by Pitch
|
Batting: RHB Bill Borden
|
0-0: Ball 1-0: Swinging Strike 1-1: Foul Ball, location: 2F 1-2: Strikes out swinging
|
Pitching: RHP Billy Emerson
|
|
Batting: LHB Bert Middleton
|
0-0: Foul Ball, location: 2F 0-1: Foul Ball, location: 2F 0-2: Foul Ball, location: 2F 0-2: Strikes out swinging
|
Top of the 5th over - 0 runs, 0 hits, 0 errors, 1 left on base; Houston 0 - Joplin 2 |
BOTTOM OF THE 5TH |
Joplin Blasters batting - Pitching for Houston Colt .45's : RHP David Sanchez
|
Batting: RHB Bobby Leon
|
0-0: Swinging Strike 0-1: Swinging Strike 0-2: Ball 1-2: Strikes out swinging
|
Pitching: RHP Charles Picard
|
|
Batting: RHB Danny Jefferies
|
0-0: Swinging Strike 0-1: Ball 1-1: Swinging Strike 1-2: Strikes out looking
|
Batting: RHB John Normand
|
0-0: Called Strike 0-1: SINGLE (Groundball, 6MD, EV 98.8 MPH)
|
Batting: RHB Mike McClung
|
0-0: Swinging Strike 0-1: Called Strike 0-2: Ball 1-2: Strikes out swinging
|
Bottom of the 5th over - 0 runs, 1 hit, 0 errors, 1 left on base; Houston 0 - Joplin 2 |
TOP OF THE 6TH |
Houston Colt .45's batting - Pitching for Joplin Blasters : RHP Billy Emerson
|
Batting: RHB Josh Reisner
|
0-0: Foul Ball, location: 2F 0-1: Foul Ball, location: 2F 0-2: Ball 1-2: Strikes out swinging
|
Batting: LHB Vecdi Hodensack
|
0-0: Called Strike 0-1: Foul Ball, location: 2F 0-2: Ball 1-2: Ball 2-2: Strikes out looking
|
Batting: RHB Tim Williams
|
0-0: Called Strike 0-1: Called Strike 0-2: Ball 1-2: Strikes out swinging
|
Top of the 6th over - 0 runs, 0 hits, 0 errors, 0 left on base; Houston 0 - Joplin 2 |
BOTTOM OF THE 6TH |
Joplin Blasters batting - Pitching for Houston Colt .45's : RHP Charles Picard
|
Batting: SHB Gary Woodroffe
|
0-0: Called Strike 0-1: Ball 1-1: Foul Ball, location: 2F 1-2: Ball 2-2: Ball 3-2: Strikes out swinging
|
Batting: RHB Cody Marshall
|
0-0: Ball 1-0: Foul Ball, location: 2F 1-1: Ball 2-1: Foul Ball, location: 2F 2-2: Foul Ball, location: 2F 2-2: Ball 3-2: Base on Balls
|
Batting: LHB Josh Lane
|
0-0: Ball 1-0: SINGLE (Line Drive, 9S, EV 108.1 MPH) Cody Marshall to second
|
Pitching: LHP Shane Robinson
|
|
Batting: RHB Esteban Acuna
|
0-0: Ball 1-0: Ball 2-0: SINGLE (Line Drive, 34D, EV 101.9 MPH) Cody Marshall to third Josh Lane to second
|
Batting: LHB Willie Marquez
|
0-0: Foul Ball, location: 2F 0-1: Swinging Strike 0-2: Strikes out swinging
|
Batting: RHB Bobby Leon
|
0-0: Ball 1-0: Swinging Strike 1-1: Foul Ball, location: 2F 1-2: Ball 2-2: Foul Ball, location: 2F 2-2: Foul Ball, location: 2F 2-2: Ball 3-2: Strikes out looking
|
Bottom of the 6th over - 0 runs, 2 hits, 0 errors, 3 left on base; Houston 0 - Joplin 2 |
TOP OF THE 7TH |
Houston Colt .45's batting - Pitching for Joplin Blasters : RHP Billy Emerson
|
Batting: LHB Ryan Fridley
|
0-0: Called Strike 0-1: Fly out, F7 (Flyball, 78S, EV 81.9 MPH)
|
Pinch Hitting: LHB Bob Neale
|
0-0: Swinging Strike 0-1: Foul Ball, location: 2F 0-2: Strikes out looking
|
Batting: LHB Casper Significant
|
0-0: Ball 1-0: Ground out 6-3 (Groundball, 4M, EV 86.2 MPH)
|
Top of the 7th over - 0 runs, 0 hits, 0 errors, 0 left on base; Houston 0 - Joplin 2 |
BOTTOM OF THE 7TH |
Joplin Blasters batting - Pitching for Houston Colt .45's : LHP Shane Robinson
|
Now in LF: Bob Neale
|
|
Batting: RHB Danny Jefferies
|
0-0: Called Strike 0-1: Called Strike 0-2: Ball 1-2: Foul Ball, location: 2F 1-2: Ball 2-2: Foul Ball, location: 2F 2-2: Ball 3-2: Base on Balls
|
Pitching: RHP Marc Marchand
|
|
Batting: RHB John Normand
|
0-0: Bunted foul 0-1: Bunted foul 0-2: Ball 1-2: Ball 2-2: Fielders Choice at 2nd, 3-6 (Groundball, 34, EV 96.9 MPH)
|
Batting: RHB Mike McClung
|
0-0: Ball 1-0: Ball 2-0: Called Strike 2-1: Ball John Normand steals 2nd base 3-1: Called Strike 3-2: Strikes out swinging
|
Batting: SHB Gary Woodroffe
|
0-0: Called Strike 0-1: Fly out, F7 (Flyball, 7S, EV 89.4 MPH)
|
Bottom of the 7th over - 0 runs, 0 hits, 0 errors, 1 left on base; Houston 0 - Joplin 2 |
TOP OF THE 8TH |
Houston Colt .45's batting - Pitching for Joplin Blasters : RHP Billy Emerson
|
Batting: RHB Kenny Beall
|
0-0: Ball 1-0: Foul Ball, location: 2F 1-1: Ball 2-1: Swinging Strike 2-2: Foul Ball, location: 2F 2-2: Foul Ball, location: 2F 2-2: Foul Ball, location: 2F 2-2: Foul Ball, location: 2F 2-2: Strikes out swinging
|
Pinch Hitting: SHB Terciero Ortiz
|
0-0: Swinging Strike 0-1: Ball 1-1: Foul Ball, location: 2F 1-2: Ball 2-2: Strikes out looking
|
Batting: LHB Bert Middleton
|
0-0: Ball 1-0: Foul Ball, location: 2F 1-1: Fly out, F7 (Flyball, 7, EV 83.1 MPH)
|
Top of the 8th over - 0 runs, 0 hits, 0 errors, 0 left on base; Houston 0 - Joplin 2 |
BOTTOM OF THE 8TH |
Joplin Blasters batting - Pitching for Houston Colt .45's : RHP Marc Marchand
|
Now in CF: Terciero Ortiz
|
|
Batting: RHB Cody Marshall
|
0-0: Called Strike 0-1: Ball 1-1: SINGLE (Groundball, 3D, EV 100.6 MPH)
|
Pitching: LHP Jordan Garcia
|
|
Batting: LHB Josh Lane
|
0-0: Ball 1-0: Ball 2-0: Ball 3-0: Base on Balls Cody Marshall to second
|
Batting: RHB Esteban Acuna
|
0-0: Ball 1-0: Ball 2-0: Swinging Strike 2-1: 3-RUN HOME RUN (Line Drive, 7D, EV 99.4 MPH), Distance : 379 ft
|
Batting: LHB Willie Marquez
|
0-0: Fly out, F8 (Flyball, 78M, EV 83.1 MPH)
|
Batting: RHB Bobby Leon
|
0-0: SINGLE (Flyball, 34D, EV 98.1 MPH)
|
Batting: RHB Danny Jefferies
|
0-0: Called Strike 0-1: Ball 1-1: Foul Ball, location: 2F 1-2: Ball 2-2: Strikes out swinging
|
Batting: RHB John Normand
|
0-0: Swinging Strike 0-1: Fielders Choice at 2nd, 6-4 (Groundball, 6, EV 88.8 MPH)
|
Bottom of the 8th over - 3 runs, 3 hits, 0 errors, 1 left on base; Houston 0 - Joplin 5 |
TOP OF THE 9TH |
Houston Colt .45's batting - Pitching for Joplin Blasters : RHP Billy Emerson
|
Batting: RHB Josh Reisner
|
0-0: Ball 1-0: Foul Ball, location: 2F 1-1: Foul Ball, location: 2F 1-2: Ball 2-2: Strikes out swinging
|
Batting: LHB Vecdi Hodensack
|
0-0: Ball 1-0: Ball 2-0: Called Strike 2-1: Ball 3-1: Fly out, F7 (Line Drive, 7S, EV 88.8 MPH)
|
Pitching: LHP Edwin Longoria
|
|
Batting: RHB Tim Williams
|
0-0: Called Strike 0-1: Ball 1-1: Called Strike 1-2: Fly out, F8 (Flyball, 8LM, EV 88.8 MPH)
|
Top of the 9th over - 0 runs, 0 hits, 0 errors, 0 left on base; Houston 0 - Joplin 5 |
|